[ AOE2 MATCH · #507161013 ]
UnrankedKoreans vs Malay
Player's team · LOSS
Rival team · WIN
[ REPLAY ANALYSIS · EXTRACTED FROM THE RECORDED GAME ]
Feudal
8:33
Castle
22:03
Imperial
—
| APM avg | 78.8 |
| APM peak | 112 |
| eAPM avg | 42.3 |
| Villagers / military | 112 / 32 |
Focus
⚔️ 59.8% · 🌾 40.2%
Cavalry Archer ×15 · Spearman ×7 · Skirmisher ×6 · Fire Lancer ×3 · Monk ×1
Feudal
8:48
Castle
19:35
Imperial
—
| APM avg | 88.0 |
| APM peak | 136 |
| eAPM avg | 35.3 |
| Villagers / military | 80 / 40 |
Focus
⚔️ 29.9% · 🌾 70.1%
Karambit Warrior ×16 · Skirmisher ×14 · Scout Cavalry ×4 · Monk ×2 · Mangonel ×1 · Spearman ×1
Match map
Initial resources + every placement click. Lines = walls · curves = elevation contours. ◆ gold · ⬟ stone · ● berries · ✦ relic · ◌ wall gap
Your base· Open — unwalled flank
repard's base· Open — unwalled flank
Smoothed initial terrain · ◌ = detected wall gap · hover for details
Inputs per minute
— DS_VarVa - - repard
Build order — DS_VarVa
First 150 of 233 actions detected
| 0:01 | Create | Villager (Male) |
| 0:01 | Create | Villager (Male) |
| 0:01 | Create | Villager (Male) |
| 0:02 | Create | Villager (Male) |
| 0:03 | Build | House |
| 0:04 | Build | House |
| 1:30 | Create | Villager (Male) |
| 2:01 | Create | Villager (Male) |
| 2:01 | Create | Villager (Male) |
| 2:12 | Build | Lumber Camp |
| 2:28 | Create | Villager (Male) |
| 2:52 | Create | Villager (Male) |
| 2:53 | Create | Villager (Male) |
| 2:54 | Create | Villager (Male) |
| 2:54 | Create | Villager (Male) |
| 3:18 | Create | Villager (Male) |
| 3:18 | Create | Villager (Male) |
| 3:33 | Build | House |
| 3:40 | Create | Villager (Male) |
| 3:56 | Create | Villager (Male) |
| 3:56 | Create | Villager (Male) |
| 4:22 | Create | Villager (Male) |
| 4:47 | Create | Villager (Male) |
| 4:54 | Build | Mill |
| 5:37 | Research | Loom |
| 6:23 | Research | Feudal Age |
| 6:24 | Research | Feudal Age |
| 7:06 | Build | Barracks |
| 7:36 | Build | House |
| 7:43 | Build | Palisade Wall |
| 8:33 | Age | Feudal Age |
| 8:36 | Build | Archery Range |
| 8:37 | Create | Spearman |
| 8:38 | Create | Villager (Male) |
| 8:39 | Create | Villager (Male) |
| 8:41 | Research | Double-Bit Axe |
| 8:49 | Build | House |
| 9:00 | Create | Spearman |
| 9:10 | Create | Villager (Male) |
| 9:19 | Create | Skirmisher |
| 9:20 | Build | House |
| 9:29 | Create | Villager (Male) |
| 9:43 | Create | Spearman |
| 9:45 | Create | Skirmisher |
| 9:53 | Build | Watch Tower |
| 10:00 | Build | Farm |
| 10:08 | Create | Villager (Male) |
| 10:09 | Create | Villager (Male) |
| 10:10 | Build | Farm |
| 10:25 | Build | House |
| 10:34 | Build | Palisade Wall |
| 10:34 | Build | Palisade Wall |
| 10:35 | Build | Palisade Wall |
| 10:35 | Build | Palisade Wall |
| 10:36 | Build | Palisade Wall |
| 10:39 | Build | Palisade Wall |
| 10:41 | Build | Palisade Wall |
| 10:48 | Build | Palisade Wall |
| 10:49 | Build | House |
| 10:53 | Create | Spearman |
| 10:54 | Create | Skirmisher |
| 10:57 | Create | Villager (Male) |
| 10:57 | Create | Villager (Male) |
| 11:05 | Build | Farm |
| 11:10 | Create | Villager (Male) |
| 11:13 | Create | Skirmisher |
| 11:20 | Build | Palisade Wall |
| 11:20 | Build | Palisade Wall |
| 11:21 | Build | Palisade Wall |
| 11:22 | Build | Palisade Wall |
| 11:37 | Create | Villager (Male) |
| 11:47 | Create | Villager (Male) |
| 11:47 | Create | Villager (Male) |
| 11:48 | Build | Mining Camp |
| 12:16 | Create | Villager (Male) |
| 12:22 | Create | Spearman |
| 12:23 | Create | Villager (Male) |
| 12:23 | Create | Villager (Male) |
| 12:25 | Build | Farm |
| 12:35 | Build | Palisade Wall |
| 12:47 | Create | Villager (Male) |
| 12:50 | Create | Skirmisher |
| 12:51 | Create | Villager (Male) |
| 12:51 | Create | Villager (Male) |
| 12:58 | Build | House |
| 13:17 | Create | Villager (Male) |
| 13:17 | Create | Villager (Male) |
| 13:23 | Build | Blacksmith |
| 13:42 | Build | Watch Tower |
| 13:44 | Create | Villager (Male) |
| 13:46 | Build | Farm |
| 13:49 | Create | Villager (Male) |
| 13:53 | Create | Spearman |
| 14:00 | Build | Farm |
| 14:09 | Create | Villager (Male) |
| 14:12 | Create | Skirmisher |
| 14:14 | Create | Villager (Male) |
| 14:14 | Create | Villager (Male) |
| 14:15 | Create | Villager (Male) |
| 14:18 | Build | Farm |
| 14:22 | Research | Fletching |
| 14:22 | Research | Fletching |
| 14:34 | Build | Palisade Wall |
| 14:35 | Build | Palisade Wall |
| 14:35 | Build | Palisade Wall |
| 14:59 | Create | Villager (Male) |
| 14:59 | Create | Villager (Male) |
| 15:08 | Create | Villager (Male) |
| 15:08 | Create | Villager (Male) |
| 15:21 | Build | Watch Tower |
| 15:21 | Create | Villager (Male) |
| 15:21 | Create | Villager (Male) |
| 15:36 | Create | Villager (Male) |
| 15:37 | Build | Farm |
| 15:38 | Build | Farm |
| 15:39 | Build | Farm |
| 15:51 | Create | Villager (Male) |
| 15:56 | Create | Villager (Male) |
| 15:58 | Create | Spearman |
| 16:08 | Build | Mining Camp |
| 16:21 | Create | Villager (Male) |
| 16:23 | Build | Farm |
| 16:25 | Build | House |
| 16:26 | Build | Palisade Wall |
| 16:36 | Create | Villager (Male) |
| 16:43 | Build | Palisade Wall |
| 16:45 | Build | Palisade Wall |
| 16:51 | Build | Farm |
| 16:51 | Create | Villager (Male) |
| 17:03 | Create | Villager (Male) |
| 17:04 | Create | Villager (Male) |
| 17:37 | Create | Villager (Male) |
| 17:47 | Build | Palisade Wall |
| 17:49 | Build | Market |
| 17:56 | Create | Villager (Male) |
| 18:08 | Build | House |
| 18:13 | Create | Villager (Male) |
| 18:24 | Create | Villager (Male) |
| 18:30 | Create | Villager (Male) |
| 18:36 | Create | Villager (Male) |
| 19:23 | Research | Castle Age |
| 19:23 | Research | Castle Age |
| 19:34 | Build | House |
| 19:35 | Build | Palisade Wall |
| 19:38 | Create | Villager (Male) |
| 19:48 | Build | Watch Tower |
| 19:55 | Create | Villager (Male) |
| 20:10 | Create | Villager (Male) |
| 20:10 | Create | Villager (Male) |
| 20:16 | Build | Palisade Wall |
Build order — repard
First 150 of 193 actions detected
| 0:00 | Create | Villager (Male) |
| 0:00 | Create | Villager (Male) |
| 0:01 | Build | House |
| 0:02 | Build | House |
| 0:03 | Create | Villager (Male) |
| 0:09 | Create | Villager (Male) |
| 0:09 | Create | Villager (Male) |
| 1:23 | Create | Villager (Male) |
| 1:24 | Create | Villager (Male) |
| 1:57 | Build | Lumber Camp |
| 1:58 | Create | Villager (Male) |
| 2:11 | Create | Villager (Male) |
| 2:46 | Create | Villager (Male) |
| 2:46 | Create | Villager (Male) |
| 3:09 | Create | Villager (Male) |
| 3:09 | Create | Villager (Male) |
| 3:29 | Create | Villager (Male) |
| 3:47 | Build | House |
| 3:52 | Build | House |
| 3:57 | Build | Palisade Wall |
| 4:01 | Create | Villager (Male) |
| 4:01 | Create | Villager (Male) |
| 4:18 | Create | Villager (Male) |
| 4:19 | Create | Villager (Male) |
| 4:46 | Build | Mill |
| 4:50 | Create | Villager (Male) |
| 4:51 | Create | Villager (Male) |
| 4:52 | Create | Villager (Male) |
| 4:53 | Create | Villager (Male) |
| 5:41 | Create | Villager (Male) |
| 5:51 | Build | Palisade Wall |
| 5:52 | Create | Villager (Male) |
| 6:06 | Create | Villager (Male) |
| 6:49 | Research | Loom |
| 7:23 | Research | Feudal Age |
| 7:38 | Build | Barracks |
| 8:01 | Build | House |
| 8:18 | Create | Villager (Male) |
| 8:48 | Age | Feudal Age |
| 8:50 | Create | Villager (Male) |
| 8:52 | Build | Stable |
| 8:54 | Research | Double-Bit Axe |
| 9:04 | Create | Spearman |
| 9:14 | Create | Villager (Male) |
| 9:18 | Build | Farm |
| 9:19 | Build | Farm |
| 9:36 | Create | Villager (Male) |
| 9:47 | Create | Villager (Male) |
| 9:50 | Build | Farm |
| 9:56 | Build | Watch Tower |
| 10:06 | Create | Villager (Male) |
| 10:10 | Build | Farm |
| 10:21 | Build | Palisade Wall |
| 10:26 | Build | Farm |
| 10:40 | Build | Palisade Wall |
| 10:43 | Build | Palisade Wall |
| 10:45 | Create | Villager (Male) |
| 10:57 | Create | Villager (Male) |
| 11:04 | Build | Farm |
| 11:04 | Build | Farm |
| 11:18 | Build | Mining Camp |
| 11:23 | Create | Scout Cavalry |
| 11:23 | Create | Scout Cavalry |
| 11:30 | Build | Farm |
| 11:46 | Build | Farm |
| 11:49 | Create | Villager (Male) |
| 12:13 | Build | Farm |
| 12:18 | Build | Farm |
| 12:19 | Create | Villager (Male) |
| 12:22 | Build | House |
| 12:30 | Build | House |
| 12:40 | Create | Scout Cavalry |
| 12:40 | Create | Scout Cavalry |
| 12:46 | Build | Farm |
| 12:51 | Create | Villager (Male) |
| 12:53 | Build | Farm |
| 13:26 | Create | Villager (Male) |
| 13:29 | Build | Farm |
| 13:30 | Build | Farm |
| 13:39 | Build | House |
| 13:41 | Build | Palisade Wall |
| 13:44 | Build | Palisade Wall |
| 13:46 | Create | Villager (Male) |
| 13:58 | Build | Watch Tower |
| 14:03 | Create | Villager (Male) |
| 14:15 | Build | Palisade Wall |
| 14:20 | Create | Villager (Male) |
| 14:39 | Create | Villager (Male) |
| 15:03 | Create | Villager (Male) |
| 15:21 | Build | Mining Camp |
| 15:34 | Create | Villager (Male) |
| 15:36 | Create | Villager (Male) |
| 16:05 | Build | Blacksmith |
| 16:29 | Create | Villager (Male) |
| 16:44 | Build | Archery Range |
| 16:46 | Create | Villager (Male) |
| 17:08 | Create | Villager (Male) |
| 17:18 | Build | Lumber Camp |
| 17:40 | Create | Skirmisher |
| 17:59 | Research | Castle Age |
| 17:59 | Research | Castle Age |
| 18:13 | Create | Skirmisher |
| 18:20 | Build | House |
| 18:26 | Create | Skirmisher |
| 18:32 | Create | Skirmisher |
| 18:45 | Create | Skirmisher |
| 18:58 | Create | Skirmisher |
| 19:00 | Build | Farm |
| 19:35 | Age | Castle Age |
| 19:40 | Build | Farm |
| 19:42 | Build | Castle |
| 19:44 | Create | Villager (Male) |
| 19:44 | Create | Villager (Male) |
| 19:45 | Create | Villager (Male) |
| 19:45 | Create | Villager (Male) |
| 19:49 | Create | Skirmisher |
| 19:56 | Build | Farm |
| 20:02 | Build | Monastery |
| 20:06 | Create | Villager (Male) |
| 20:15 | Build | Farm |
| 20:17 | Build | Farm |
| 20:19 | Build | Farm |
| 20:36 | Create | Villager (Male) |
| 20:39 | Build | Farm |
| 20:40 | Build | Farm |
| 20:44 | Create | Battle Elephant |
| 20:50 | Create | Monk |
| 20:54 | Create | Villager (Male) |
| 21:00 | Create | Karambit Warrior |
| 21:00 | Create | Karambit Warrior |
| 21:00 | Create | Karambit Warrior |
| 21:06 | Create | Karambit Warrior |
| 21:07 | Create | Karambit Warrior |
| 21:07 | Create | Karambit Warrior |
| 21:12 | Create | Villager (Male) |
| 21:23 | Build | Farm |
| 21:24 | Build | Farm |
| 21:24 | Build | Mill |
| 21:37 | Create | Karambit Warrior |
| 21:37 | Create | Karambit Warrior |
| 21:37 | Create | Karambit Warrior |
| 21:37 | Create | Karambit Warrior |
| 21:43 | Build | Siege Workshop |
| 21:44 | Create | Villager (Male) |
| 21:59 | Create | Villager (Male) |
| 22:10 | Create | Villager (Male) |
| 22:28 | Create | Villager (Male) |
| 22:40 | Create | Villager (Male) |
| 22:43 | Create | Karambit Warrior |
| 22:43 | Create | Karambit Warrior |
Match timeline
| 3:57 | repard · wall_segment Palisade Wall x1 |
| 5:51 | repard · wall_segment Palisade Wall x6 |
| 7:06 | DS_VarVa · first_building Barracks |
| 7:38 | repard · first_building Barracks |
| 7:43 | DS_VarVa · wall_segment Palisade Wall x1 |
| 8:33 | DS_VarVa · age_up feudal |
| 8:36 | DS_VarVa · first_building Archery Range |
| 8:48 | repard · age_up feudal |
| 8:52 | repard · first_building Stable |
| 10:21 | repard · wall_segment Palisade Wall x5 |
| 10:34 | DS_VarVa · wall_segment Palisade Wall x1 |
| 10:34 | DS_VarVa · wall_segment Palisade Wall x1 |
| 10:35 | DS_VarVa · wall_segment Palisade Wall x1 |
| 10:35 | DS_VarVa · wall_segment Palisade Wall x1 |
| 10:36 | DS_VarVa · wall_segment Palisade Wall x1 |
| 10:39 | DS_VarVa · wall_segment Palisade Wall x1 |
| 10:40 | repard · wall_segment Palisade Wall x1 |
| 10:41 | DS_VarVa · wall_segment Palisade Wall x1 |
| 10:43 | repard · wall_segment Palisade Wall x1 |
| 10:48 | DS_VarVa · wall_segment Palisade Wall x1 |
| 11:20 | DS_VarVa · wall_segment Palisade Wall x2 |
| 11:20 | DS_VarVa · wall_segment Palisade Wall x3 |
| 11:21 | DS_VarVa · wall_segment Palisade Wall x1 |
| 11:22 | DS_VarVa · wall_segment Palisade Wall x1 |
| 12:35 | DS_VarVa · wall_segment Palisade Wall x1 |
| 13:41 | repard · wall_segment Palisade Wall x2 |
| 13:44 | repard · wall_segment Palisade Wall x11 |
| 14:15 | repard · wall_segment Palisade Wall x3 |
| 14:34 | DS_VarVa · wall_segment Palisade Wall x2 |
| 14:35 | DS_VarVa · wall_segment Palisade Wall x3 |
| 14:35 | DS_VarVa · wall_segment Palisade Wall x2 |
| 16:26 | DS_VarVa · wall_segment Palisade Wall x1 |
| 16:43 | DS_VarVa · wall_segment Palisade Wall x1 |
| 16:44 | repard · first_building Archery Range |
| 16:45 | DS_VarVa · wall_segment Palisade Wall x1 |
| 17:47 | DS_VarVa · wall_segment Palisade Wall x1 |
| 19:10 | DS_VarVa · first_market_sell 100 stone |
| 19:15 | DS_VarVa · first_market_buy 100 food |
| 19:35 | repard · age_up castle |
| 19:35 | DS_VarVa · wall_segment Palisade Wall x3 |
| 19:42 | repard · first_building Castle |
| 20:02 | repard · first_building Monastery |
| 20:16 | DS_VarVa · wall_segment Palisade Wall x1 |
| 20:19 | DS_VarVa · wall_segment Palisade Wall x1 |
| 21:43 | repard · first_building Siege Workshop |
| 22:02 | DS_VarVa · wall_segment Palisade Wall x1 |
| 22:03 | DS_VarVa · age_up castle |
| 22:57 | DS_VarVa · wall_segment Palisade Wall x1 |
| 23:34 | DS_VarVa · first_building Monastery |
| 25:40 | DS_VarVa · first_building Siege Workshop |
| 26:03 | DS_VarVa · resign |
[ AI ANALYSIS · 1 CREDIT ]
What really happened in this match?
Wolo.gg analyzes every decision: build order, eco, micro, common mistakes by bracket. Personalized analysis on WhatsApp or Discord in 30 seconds.
Civ guide
Koreans
Perfil
Jugador #4129359